 Dungeon Sprint DCSS version 0.31-a0-536-ga3e2962e35 (webtiles) character file.

Game seed: 295592848482131650

2125 Conn the Thaumaturge (level 9, -8/54 HPs)
             Began as an Octopode Fire Elementalist on Aug 13, 2023.
             Was a Believer of Sif Muna.
             Killed by an exploding gargoyle (31 damage)
             ... ignited by their inner flame
             ... in the Dungeon (Sprint IX: "|||||||||||||||||||||||||||||").
             The game lasted 00:06:00 (686 turns).

Conn the Thaumaturge (Octopode Fire Elementalist)    Turns: 686, Time: 00:06:00

Health: -8/54      AC:  1    Str:  8    XL:     9   Next: 29%
Magic:  9/24       EV: 17    Int: 24    God:    Sif Muna [**....]
Gold:   0          SH:  0    Dex: 12    Spells: 17/30 levels left

rFire   . . .        i - +2 halberd (protect)
rCold   . . .        (shield currently unavailable)
rNeg    . . .        (helmet restricted)
rPois   .            (no amulet)
rElec   .            h - +3 ring of intelligence
rCorr   .            j - +2 ring of evasion
SInv    .            (no ring)
Will    .....        (no ring)
Stlth   ++++         (no ring)
HPRegen 0.29/turn    (no ring)
MPRegen 0.19/turn    (no ring)
                     (no ring)

%: no teleportation
@: no status effects
A: almost no armour, amphibious, 8 rings, camouflage 1, gelatinous body 1,
(nimble swimmer 1), tentacles
a: Renounce Religion, Channel Magic


You were in the Dungeon.
You worshipped Sif Muna.
Sif Muna was pleased with you.
You visited 1 branch

Inventory:

Hand Weapons
 i - a +2 halberd of protection (weapon)
Jewellery
 h - a +3 ring of intelligence (left tentacle)
 j - a +2 ring of evasion (right tentacle)
Wands
 g - a wand of acid (9)
Scrolls
 e - 2 scrolls of amnesia
 f - a scroll of blinking
Potions
 a - 4 potions of magic
 b - 5 potions of curing
 c - 2 potions of heal wounds
 d - a potion of invisibility


   Skills:
 + Level 2.0 Fighting
 + Level 5.6 Dodging
 + Level 6.7 Stealth
 * Level 11.4 Spellcasting
 * Level 7.9 Conjurations
 + Level 2.6 Hexes
 + Level 1.2 Translocations
 + Level 11.0 Fire Magic
 * Level 6.9 Invocations
 + Level 1.0 Evocations


You had 17 spell levels left.
You knew the following spells:

 Your Spells              Type           Power      Damage    Failure   Level
a - Foxfire               Conj/Fire      100%       2x1d9     1%          1
b - Scorch                Fire           100%       2d9       1%          2
c - Inner Flame           Hex/Fire       46%        N/A       1%          3
d - Flame Wave            Conj/Fire      56%        2d13      1%          4
e - Volatile Blastmotes   Fire/Tloc      86%        2d17      1%          3

Your spell library contained the following spells:

 Spells                   Type           Power      Damage    Failure   Level


Dungeon Overview and Level Annotations

Branches:
Dungeon (1/1)

Altars:
Cheibriados
Dithmenos
Elyvilon
Fedhas
Gozag
Hepliaklqana
Kikubaaqudgha
Makhleb
Nemelex Xobeh
Okawaru
Qazlal
Ru
Sif Muna
Trog
Uskayaw
Vehumet
Wu Jian
Xom
Yredelemnul
Zin
The Shining One
Jiyva
Lugonu


Innate Abilities, Weirdness & Mutations

You cannot wear most types of armour.
You are amphibious.
You can wear up to eight rings at the same time.
Your skin changes colour to match your surroundings (Stealth+).
Your rubbery body absorbs attacks. (AC +1, EV +1)
((You are camouflaged when in or above water. (Stealth+)))
You have tentacles for arms and can constrict up to eight enemies at once.


Message History

Flame seeps out of the queen bee.
Unknown command.
Your foxfire dissipates!
The foxfire hits the gargoyle but does no damage.
The gargoyle is heavily damaged.
The gargoyle hurls a stone arrow at you.
The stone arrow misses you.
You see here a +0 pair of boots.
Unknown command.
You fail to use your ability.
The gargoyle hurls a stone arrow at you.
The stone arrow hits you!
The queen bee is engulfed in blazing flames.
Flame seeps out of the queen bee.
Unknown command.
The queen bee is engulfed in blazing flames.
Flame seeps out of the queen bee.
Unknown command.
Casting: Foxfire (safe; 1% risk of failure)
Confirm with . or Enter, or press ? or * to list all spells.
Flames lash the gargoyle but do no damage.
The gargoyle is no longer more vulnerable to fire.
Unknown command.
Casting: Scorch (safe; 1% risk of failure)
Confirm with . or Enter, or press ? or * to list all spells.
Flames lash the gargoyle but do no damage.
The gargoyle misses you.
Unknown command.
Casting: Scorch (safe; 1% risk of failure)
Confirm with . or Enter, or press ? or * to list all spells.
Flames lash the gargoyle.
Flame seeps out of the gargoyle.
The gargoyle is heavily damaged.
The gargoyle's fire resistance burns away.
You feel less invigorated.
The gargoyle is engulfed in blazing flames.
Sif Muna accepts your kill.
The gargoyle explodes!
The fiery explosion engulfs you!!
Ouch! That really hurt!
You die...

▓_▓
▓_▓
▓_▓
▓'▓
▓.▓
▓.▓
▓)▓
▓)▓
▓@▓
▓○▓
▓y▓
▓)▓
▓○▓
▓9▓
▓.▓
▓.▓
▓.▓


You could see a queen bee (inner flame) and a gargoyle.

Vanquished Creatures
  A tengu warrior (D)
  A two-headed ogre (D)
  A gargoyle (D)
  A kobold demonologist (D)
  A shadow (D)
  2 yaks (D)
  2 ogres (D)
  A killer bee (D)
  2 iguanas (D)
  An ufetubus (D)
  A bat (D)
  2 quokkas (D)
  A frilled lizard (D)
  A rat (D)
18 creatures vanquished.

Vanquished Creatures (others)
  7 foxfires (D)
7 creatures vanquished.

Grand Total: 25 creatures vanquished

Notes
Turn   | Place    | Note
-------+----------+-------------------------------------------
     0 | D        | Conn the Octopode Fire Elementalist began the quest for the
                  | Orb.
     0 | D        | Reached XP level 1. HP: 11/11 MP: 3/3
    76 | D        | Noticed an iguana
    76 | D        | Noticed an ogre
    76 | D        | Noticed an iguana
    76 | D        | Noticed an ogre
    86 | D        | Killed an iguana
    87 | D        | Reached XP level 2. HP: 17/17 MP: 3/6
    87 | D        | Reached XP level 3. HP: 21/21 MP: 4/8
    88 | D        | Reached skill level 5 in Fire Magic
    90 | D        | Killed an ogre
    91 | D        | Reached skill level 5 in Spellcasting
    91 | D        | Reached XP level 4. HP: 27/27 MP: 4/11
    91 | D        | Reached XP level 5. HP: 31/31 MP: 4/12
   102 | D        | Learned a level 2 spell: Scorch
   105 | D        | Killed an ogre
   106 | D        | Reached XP level 6. HP: 37/37 MP: 0/15
   227 | D        | Learned a level 3 spell: Inner Flame
   232 | D        | Learned a level 4 spell: Flame Wave
   232 | D        | Found a snail-covered altar of Cheibriados.
   232 | D        | Found a shadowy altar of Dithmenos.
   232 | D        | Found a white marble altar of Elyvilon.
   232 | D        | Found a blossoming altar of Fedhas.
   232 | D        | Found an opulent altar of Gozag.
   233 | D        | Found a hazy altar of Hepliaklqana.
   234 | D        | Found a viscous altar of Jiyva.
   235 | D        | Found an ancient bone altar of Kikubaaqudgha.
   236 | D        | Found a corrupted altar of Lugonu.
   237 | D        | Found a burning altar of Makhleb.
   238 | D        | Found a sparkling altar of Nemelex Xobeh.
   239 | D        | Found an iron altar of Okawaru.
   240 | D        | Found a stormy altar of Qazlal.
   241 | D        | Found a sacrificial altar of Ru.
   242 | D        | Found a shimmering blue altar of Sif Muna.
   243 | D        | Found a bloodstained altar of Trog.
   244 | D        | Found a hide-covered altar of Uskayaw.
   245 | D        | Found a radiant altar of Vehumet.
   246 | D        | Found an ornate altar of the Wu Jian Council.
   247 | D        | Found a shimmering altar of Xom.
   248 | D        | Found a basalt altar of Yredelemnul.
   249 | D        | Found a glowing silver altar of Zin.
   250 | D        | Became a worshipper of Sif Muna the Loreminder
   251 | D        | Found a glowing golden altar of the Shining One.
   286 | D        | Learned a level 3 spell: Volatile Blastmotes
   286 | D        | Noticed a yak
   286 | D        | Noticed a shadow
   286 | D        | Noticed a yak
   286 | D        | Noticed a kobold demonologist
   286 | D        | Noticed a two-headed ogre
   295 | D        | Killed a shadow
   295 | D        | Killed a yak
   295 | D        | Killed a yak
   295 | D        | Reached * piety under Sif Muna
   296 | D        | Reached skill level 1 in Fighting
   296 | D        | Reached skill level 1 in Hexes
   296 | D        | Reached XP level 7. HP: 38/43 MP: 8/19
   432 | D        | Killed a two-headed ogre
   433 | D        | Reached skill level 5 in Dodging
   433 | D        | Reached skill level 10 in Fire Magic
   433 | D        | Reached skill level 5 in Invocations
   433 | D        | Reached XP level 8. HP: 50/50 MP: 11/21
   502 | D        | Killed a kobold demonologist
   502 | D        | Reached ** piety under Sif Muna
   503 | D        | Reached skill level 10 in Spellcasting
   550 | D        | Noticed a tengu warrior
   550 | D        | Noticed a gargoyle
   550 | D        | Noticed a queen bee
   550 | D        | Noticed a gargoyle
   550 | D        | Noticed a six-headed hydra
   550 | D        | Noticed a troll
   673 | D        | Killed a tengu warrior
   674 | D        | Reached skill level 1 in Translocations
   674 | D        | Reached skill level 1 in Evocations
   674 | D        | Reached XP level 9. HP: 54/54 MP: 6/24
   686 | D        | Killed a gargoyle
   686 | D        | Killed by an exploding gargoyle... ignited by their inner
                  | flame

Illustrated notes

Levels and vault maps discovered:
D:        linesprint [early_d, line_temple, items_1, d_10, items_2, lair_1,
          lair_end, items_3, orc_1, orc_end, items_4, d_15, swamp_1, shoals_1,
          snake_1, spider_1, d_20, vaults_1, items_5, swamp_end, shoals_end,
          snake_end, spider_end, vaults_end, d_27, items_6, zot_1, zot_end,
          crypt_end, forest_end, elf_end, slime_end, tomb_end, abyss_end,
          pan_hell_end]

Skill      XL: |  1  2  3  4  5  6  7  8 |
---------------+-------------------------+-----
Stealth        | 3 4 6 |  6.7
Spellcasting   | 3 5 6 8 9 11 | 11.4
Conjurations   | 2 3 4 6 7 |  7.9
Fire Magic     | 4 6 7 9 10 11 | 11.0
Dodging        | 3 4 5 |  5.6
Fighting       | 1 2 |  2.0
Hexes          | 1 2 |  2.6
Invocations    | 4 5 6 |  6.9
Translocations | 1 |  1.2
Evocations     | 1 |  1.0

Action                     |  1- 3 |  4- 6 |  7- 9 || total
---------------------------+-------+-------+-------++-------
  Melee: Unarmed           |    13 |     3 |       ||    16
         Constrict         |     4 |     1 |       ||     5
         Tentacles         |     4 |     1 |       ||     5
   Cast: Foxfire           |     5 |       |     4 ||     9
         Scorch            |       |     4 |    13 ||    17
         Inner Flame       |       |     3 |     5 ||     8
         Flame Wave        |       |     1 |       ||     1
         Volatile Blastmot |       |       |     9 ||     9
 Invoke: Channel Magic     |       |       |     1 ||     1
  Evoke: Wand              |       |       |     1 ||     1
    Use: Potion            |     2 |     1 |     1 ||     4
         Scroll            |       |       |     1 ||     1
 Armour: Skin              |       |     1 |       ||     1
  Dodge: Dodged            |     6 |     4 |     4 ||    14

Table legend: (Time is in decaauts)
 A = Elapsed time spent in this place.
 B = Non-inter-level travel time spent in this place.
 C = Inter-level travel time spent in this place.
 D = Time resting spent in this place.
 E = Time spent auto-exploring this place.
 F = Levels seen in this place.
 G = Mean time per level.
                   A        B        C        D        E       F      G
               +--------+--------+--------+--------+--------+-----+--------+
         Total |    681 |    681 |      0 |    349 |      0 |   1 |  681.0 |
       Dungeon |    681 |    681 |      0 |    349 |      0 |   1 |  681.0 |
               +--------+--------+--------+--------+--------+-----+--------+

Top non-repeatable levels by time:
       D: 681 daAuts
